Map: Prion Terraces

Players

Gracz - Winner!

  • Race: Terran Terran

ShadowDragon

  • Race: Zerg Zerg

VOD

Have the link to the VOD?

Description

Time

  • Played on: April 27, 2016, 8:38 a.m.
  • Length: 5:14
Show
View Real Time Build Order
Export as new Build Order

Gracz Terran - Winner!

Build Orders:  

Get SALT Encoding   

  12  0:03  SCV  
  13  0:48  Command Center  
  13  0:54  SCV  
  14  1:30  Supply Depot  
  14  2:00  Engineering Bay  
  14  2:03  Supply Depot  
  14  2:06  SCV  
  15  2:22  Refinery  
  15  2:33  Barracks  
  15  2:38  Barracks  
  15  2:52  SCV  
  16  3:04  SCV  
  17  3:14  Barracks  
  17  3:21  Barracks  
  17  4:01  SCV  
  18  4:06  Barracks Reactor x2  
  18  4:12  Barracks Tech Lab  
  18  4:13  SCV  
  19  4:20  Barracks Reactor  
  19  4:52  Supply Depot x2  
Show
View Real Time Build Order
Export as new Build Order

ShadowDragon Zerg 

Build Orders: 3 Hatch before Pool 

Get SALT Encoding   

  12  0:06  Drone  
  13  0:15  Drone  
  13  0:20  Extractor x2, Drone  
  13  0:22  Drone  
  16  0:45  Hatchery  
  15  0:59  Overlord  
  15  1:17  Drone x3  
  18  1:32  Hatchery  
  17  1:37  Drone  
  18  1:42  Spawning Pool  
  17  1:48  Extractor  
  17  1:50  Extractor  
  17  1:53  Drone x2  
  17  2:01  Drone  
  18  2:06  Drone  
  19  2:16  Drone  
  19  2:19  Drone  
  19  2:20  Drone  
  22  2:26  Drone  
  23  2:34  Drone  
  24  2:40  Metabolic Boost  
  24  2:42  Drone x2  
  26  2:45  Baneling Nest, Drone x2  
  27  2:51  Drone  
  27  2:55  Drone x2  
  30  3:03  Drone  
  31  3:06  Drone x2  
  33  3:13  Drone  
  34  3:33  Overlord  
  34  3:34  Overlord x2  
  34  3:43  Extractor  
  34  3:44  Extractor, Queen  
  34  3:48  Overlord  
  34  3:51  Queen  
  34  3:52  Lair  
  36  4:10  Zergling x18  
  45  4:27  Queen  
  47  4:49  Drone x3  
  47  4:50  Overlord x4  
  47  4:51  Overlord x2  
Tags
 
Add a new tag
Caveats
  • Supply blocks, unpowered buildings, or Contaminate may cause inaccurate times.
  • Supply counts are checked every 10 seconds.